AoeStats
← HJ007

Oasis

508233659Analyzed
3v3 RM · 10d ago on Sep 21, 2026· 43m 34s· 6 players
Game mode
Random Map
Map size
Normal (6 player)
Population
200
Speed
Normal
Resources
Standard
Victory
Conquest
Starting age
Dark Age
Ending age
Imperial Age
RankedLock teamsTeams togetherTeam positionsShared explorationLock speedFull tech treeHidden civsTurbo modeCheats
Victory
Defeat
🇪🇸 Khitans · Spain
1102
+16
🇺🇸 Vietnamese · United States
1063
+18
🇬🇧 Teutons · United Kingdom
1057
+18
🇨🇳 Mongols · China
1203
-21
🇨🇳 Teutons · China
1144
-19
🇨🇳 Huns · China
977
-12
'HelloWorld'
2:52 Loom
12:06 Feudal Age
18:27 Castle Age
17:19 Double-Bit Axe
22:22 Crossbowman
27:18 Fletching
30:57 Ballistics
34:02 Imperial Age
34:30 Bodkin Arrow
34:12 Arbalester
35:11 Bracer
36:16 Padded Archer Armor
37:24 Wheelbarrow
37:23 Leather Archer Armor
38:12 Chemistry
39:33 Gold Mining
Benjings
11:24 Feudal Age
12:11 Horse Collar
12:19 Double-Bit Axe
13:14 Loom
18:59 Castle Age
19:07 Wheelbarrow
22:09 Bow Saw
22:01 Heavy Plow
27:14 Hand Cart
31:09 Imperial Age
30:11 Fletching
31:07 Bodkin Arrow
31:43 Ballistics
31:16 Heavy Scorpion
34:05 Chemistry
36:40 Siege Engineers
37:17 Caravan
38:16 Scale Mail Armor
39:43 Chain Mail Armor
39:39 Forging
41:14 Crop Rotation
40:38 Elite Teutonic Knight
41:54 Plate Mail Armor
43:00 Two-Man Saw
44:33 Iron Casting
LokillO!
3:30 Loom
11:18 Feudal Age
16:10 Castle Age
14:58 Double-Bit Axe
17:08 Squires
17:48 Domestication
18:38 Town Watch
19:57 Gold Mining
21:44 Wheelbarrow
24:38 Bow Saw
24:01 Pikeman
25:41 Pastoralism
26:13 Town Patrol
27:04 Scale Mail Armor
27:14 Forging
26:55 Fletching
27:42 Stone Mining
32:07 Imperial Age
30:39 Chain Mail Armor
31:00 Iron Casting
31:48 Ballistics
31:22 Arson
32:30 Bodkin Arrow
32:22 Gambesons
34:14 Conscription
35:52 Hand Cart
36:45 Two-Man Saw
36:10 Lamellar Armor
37:47 Transhumance
39:08 Elite Liao Dao
40:21 Plate Mail Armor
39:52 Bracer
41:36 Chemistry
40:17 Treadmill Crane
40:32 Murder Holes
40:49 Masonry
42:16 Stone Shaft Mining
HJ007
10:59 Feudal Age
12:11 Loom
13:00 Double-Bit Axe
12:58 Horse Collar
18:06 Castle Age
16:52 Fletching
18:33 Wheelbarrow
18:58 Gold Mining
19:02 Stone Mining
20:23 Bow Saw
21:49 Town Watch
23:09 Stone Shaft Mining
24:37 Heavy Plow
27:46 Town Patrol
29:12 Bloodlines
29:24 Hand Cart
31:22 Scale Barding Armor
31:28 Forging
31:15 Bodkin Arrow
33:30 Chain Barding Armor
33:47 Iron Casting
33:36 Ballistics
33:32 Masonry
33:39 Padded Archer Armor
38:14 Imperial Age
36:31 Ironclad
37:19 Leather Archer Armor
38:17 Fortified Wall
38:27 Elite Teutonic Knight
39:29 Conscription
39:32 Crenellations
40:36 Chemistry
39:23 Arrowslits
39:22 Cavalier
41:16 Plate Barding Armor
41:43 Blast Furnace
LELE567
10:26 Feudal Age
12:17 Wheelbarrow
18:26 Castle Age
18:08 Double-Bit Axe
18:06 Horse Collar
21:31 Hand Cart
26:12 Loom
BIN009
10:01 Feudal Age
11:45 Loom
15:33 Castle Age
14:10 Double-Bit Axe
15:09 Horse Collar
18:10 Stone Mining
23:35 Town Watch
25:10 Fletching
26:27 Heavy Plow
27:29 Bodkin Arrow
29:00 Gold Mining
31:46 Gold Shaft Mining
32:10 Ballistics
32:01 Masonry
32:43 Wheelbarrow
34:42 Murder Holes
39:16 Imperial Age
Connection lost

Rejoining the realm…

Still unreachable

The connection could not be restored.

Session expired

The server has moved on; the page needs a fresh start.